AoeStats
← [AirBo]一大包

MegaRandom

505221543Analyzed
4v4 RM · 22d ago on Sep 8, 2026· 53m 40s· 8 players
Game mode
Random Map
Map size
Large (8 player)
Population
200
Speed
Normal
Resources
Standard
Victory
Conquest
Starting age
Dark Age
Ending age
Imperial Age
RankedLock teamsTeams togetherTeam positionsShared explorationLock speedFull tech treeHidden civsTurbo modeCheats
Victory
Defeat
🇹🇼 Ethiopians · Taiwan
1697
+13
🇹🇼 Turks · Taiwan
1650
+15
🇹🇼 Vietnamese · Taiwan
1645
+15
🇹🇼 Tatars · Taiwan
1638
+15
🇦🇷 Spanish · Argentina
1702
-17
🇭🇰 Chinese · Hong Kong SAR China
1684
-17
🇹🇼 Armenians · Taiwan
1566
-12
🇹🇼 Georgians · Taiwan
1551
-12
hanson013
14:43 Feudal Age
13:01 Loom
13:09 Loom
16:40 Scale Barding Armor
18:39 Castle Age
17:36 Fletching
19:35 Bodkin Arrow
20:50 Double-Bit Axe
23:10 Bow Saw
26:11 Padded Archer Armor
29:26 Ballistics
29:54 Town Watch
29:56 Horse Collar
31:20 Bloodlines
33:33 Husbandry
35:09 Wheelbarrow
40:32 Imperial Age
38:54 Leather Archer Armor
39:00 Hand Cart
41:15 Bracer
43:58 Ring Archer Armor
44:31 Chemistry
45:19 Treadmill Crane
45:43 Caravan
45:13 Light Cavalry
49:30 Heavy Cavalry Archer
50:39 Conscription
FUFU
9:16 Loom
11:23 Feudal Age
12:25 Double-Bit Axe
17:48 Wheelbarrow
20:56 Castle Age
19:06 Horse Collar
20:56 Fletching
21:55 Elite Skirmisher
22:43 Bodkin Arrow
25:24 Ballistics
25:45 Bow Saw
30:38 Wheelbarrow
29:48 Town Watch
33:31 Scale Mail Armor
33:41 Forging
33:43 Stone Mining
33:43 Gold Mining
36:33 Imperial Age
34:21 Squires
35:31 Chain Mail Armor
36:35 Halberdier
37:46 Plate Mail Armor
37:21 Heavy Plow
37:30 Bracer
39:01 Iron Casting
38:50 Bracer
39:05 Padded Archer Armor
38:51 Imperial Skirmisher
41:20 Leather Archer Armor
41:53 Coinage
41:39 Hand Cart
42:12 Thumb Ring
44:43 Blast Furnace
46:01 Ring Archer Armor
46:09 Conscription
50:27 Banking
50:43 Masonry
50:44 Fortified Wall
51:37 Chemistry
52:06 Guilds
52:55 Elite Shotel Warrior
Kevin10_7414
9:14 Loom
14:06 Feudal Age
15:24 Horse Collar
15:32 Double-Bit Axe
17:48 Castle Age
21:22 Fletching
21:36 Town Watch
22:57 Ballistics
24:07 Bodkin Arrow
33:38 Imperial Age
34:28 Bracer
35:15 Padded Archer Armor
37:14 Chemistry
37:25 Chemistry
36:50 Elite Rattan Archer
38:42 Leather Archer Armor
41:12 Scale Barding Armor
41:51 Gold Mining
44:05 Paper Money
45:52 Chain Barding Armor
44:56 Light Cavalry
45:47 Bloodlines
46:33 Husbandry
47:22 Plate Barding Armor
46:43 Treadmill Crane
48:21 Forging
48:14 Chatras
48:34 Siege Engineers
49:40 Man-at-Arms
51:52 Bow Saw
51:43 Heavy Plow
51:46 Elite Battle Elephant
53:45 Caravan
54:41 Iron Casting
Kevin的下分小幫手
11:18 Loom
14:13 Feudal Age
15:39 Town Watch
18:29 Castle Age
17:01 Double-Bit Axe
17:00 Horse Collar
22:09 Scale Barding Armor
26:20 Bloodlines
27:03 Wheelbarrow
26:52 Bow Saw
29:19 Heavy Plow
30:22 Husbandry
32:00 Hand Cart
33:23 Gold Mining
37:49 Imperial Age
37:00 Chain Barding Armor
36:50 Forging
41:23 Plate Barding Armor
42:28 Iron Casting
44:25 Blast Furnace
45:56 Hoardings
46:18 Conscription
47:23 Fletching
47:38 Caravan
50:18 Two-Man Saw
50:39 Bodkin Arrow
[AirBo]一大包
5:46 Loom
9:58 Loom
11:55 Feudal Age
13:04 Double-Bit Axe
16:44 Bloodlines
18:10 Horse Collar
22:34 Castle Age
20:52 Gold Mining
21:14 Fletching
22:22 Padded Archer Armor
23:45 Bodkin Arrow
32:31 Ballistics
32:58 Leather Archer Armor
35:17 Husbandry
36:17 Town Watch
39:12 Imperial Age
36:53 Light Cavalry
37:58 Scale Barding Armor
39:13 Chain Barding Armor
39:44 Forging
40:52 Plate Barding Armor
40:19 Bracer
40:50 Parthian Tactics
39:48 Heavy Cavalry Archer
41:52 Chemistry
41:47 Forging
44:59 Plate Barding Armor
47:39 Iron Casting
50:35 Blast Furnace
50:12 Hussar
甜心包
5:14 Loom
13:43 Feudal Age
17:54 Castle Age
15:46 Double-Bit Axe
16:17 Horse Collar
18:53 Scale Mail Armor
19:40 Town Watch
20:56 Forging
26:36 Chain Mail Armor
34:58 Wheelbarrow
38:44 Imperial Age
36:09 Elite Skirmisher
38:02 Fletching
38:43 Padded Archer Armor
38:41 Bodkin Arrow
39:39 Leather Archer Armor
40:02 Bracer
41:14 Ring Archer Armor
43:04 Chemistry
42:25 Ballistics
43:07 Chemistry
44:04 Plate Mail Armor
43:59 Sanctity
44:06 Illumination
43:58 Squires
43:43 Arson
45:09 Block Printing
45:14 Redemption
46:00 Pikeman
47:20 Plate Mail Armor
52:44 Halberdier
[AirBo]實心包
3:08 Loom
13:02 Feudal Age
17:35 Castle Age
17:25 Fletching
17:59 Double-Bit Axe
23:42 Bodkin Arrow
30:31 Ballistics
30:55 Husbandry
31:20 Padded Archer Armor
44:02 Imperial Age
42:22 Squires
44:33 Pikeman
46:06 Scale Mail Armor
46:27 Forging
47:44 Bow Saw
47:59 Chain Mail Armor
50:10 Caravan
50:53 Bracer
53:12 Leather Archer Armor
52:45 Horse Collar
54:08 Plate Mail Armor
[AirBo]空氣包
10:18 Loom
13:42 Feudal Age
17:54 Castle Age
16:49 Double-Bit Axe
22:17 Town Watch
30:18 Bow Saw
30:58 Horse Collar
32:13 Wheelbarrow
37:01 Imperial Age
35:59 Padded Archer Armor
35:56 Elite Skirmisher
36:52 Fletching
37:17 Leather Archer Armor
37:31 Bodkin Arrow
38:15 Bracer
38:45 Ring Archer Armor
40:18 Ballistics
40:59 Chemistry
42:02 Scale Barding Armor
43:15 Chain Barding Armor
43:50 Hand Cart
44:32 Plate Barding Armor
45:26 Bloodlines
45:16 Husbandry
44:36 Cavalier
45:14 Light Cavalry
46:08 Hussar
47:43 Masonry
50:48 Conscription
50:43 Forging
Connection lost

Rejoining the realm…

Still unreachable

The connection could not be restored.

Session expired

The server has moved on; the page needs a fresh start.